 Dungeon Crawl Stone Soup version 0.18.1-5-g4a78601 (webtiles) character file.

84 Rattbag the Skirmisher (level 4, -1/45 HPs)
             Began as a Troll Chaos Knight on May 13, 2016.
             Incinerated by a mottled dragon (5 damage)
             ... with a sticky flame
             ... on level 3 of the Dungeon.
             The game lasted 00:10:45 (753 turns).

Rattbag the Skirmisher (Troll Chaos Knight)          Turns: 753, Time: 00:10:46

Health: -1/45      AC:  7    Str: 21    XL:     4   Next: 24%
Magic:  3/3        EV: 10    Int:  8    God:    Xom [...*..]
Gold:   131        SH:  0    Dex:  9    Spells: 0 memorised, 3 levels left

rFire  . . .     SeeInvis +     a - +0 mace (chaos)
rCold  . . .     Gourm    +     b - +2 robe
rNeg   . . .     Faith    .     (no shield)
rPois  .         Spirit   .     (helmet restricted)
rElec  .         Dismiss  .     (no cloak)
rCorr  .         Reflect  .     (gloves unavailable)
SustAt .         Harm     .     (boots unavailable)
MR     .....                    h - amulet of magic regeneration
Stlth  +.........               (no ring)
                                d - ring of see invisible

@: liquid flames, glowing, not resistant to hostile enchantments, very
unstealthy
A: unfitting armour, claws 3, fast metabolism 3, gourmand, regeneration 2,
shaggy fur 1, tough skin 2
a: Renounce Religion


You were on level 3 of the Dungeon.
You worshipped Xom.
You were a favourite toy of Xom.
You were not hungry.

You visited 1 branch of the dungeon, and saw 3 of its levels.

You collected 131 gold pieces.

Inventory:

Hand Weapons
 a - a +0 mace of chaos (weapon)
Armour
 b - a +2 robe (worn)
 f - a +0 helmet
 k - a +0 ring mail
Jewellery
 d - a ring of see invisible (left claw)
 h - an amulet of magic regeneration (around neck)
Scrolls
 i - 2 scrolls of identify {unknown}
Comestibles
 c - 3 bread rations
 g - a beef jerky
 j - 2 meat rations


   Skills:
 + Level 3.1 Fighting
 + Level 3.1 Maces & Flails
 + Level 2.7 Dodging
 + Level 0.1 Stealth
 + Level 1.1 Unarmed Combat


You had 3 spell levels left.
You didn't know any spells.

Dungeon Overview and Level Annotations

Branches:
Dungeon (3/15)

Altars:
Dithmenos
Fedhas
Qazlal
Trog
The Shining One


Innate Abilities, Weirdness & Mutations

You are too large for most types of armour.
You have claws for hands.
Your metabolism is lightning-fast.
You like to eat raw meat.
You heal very quickly.
You are covered in fur (AC +1).
You have very tough skin (AC +2).


Message History

The mottled dragon claws you but does no damage.
It was a potion of heal wounds.
You feel much better.
Xom thinks this is hilarious!
You are covered in liquid flames!
The bat barely misses you. The mottled dragon bites you.
The mottled dragon barely misses you.
You barely miss the mottled dragon.
You are covered in liquid flames!
* * * LOW HITPOINT WARNING * * *
The bat hits you but does no damage. The mottled dragon bites you!
* * * LOW HITPOINT WARNING * * *
You emit a cloud of colourful smoke!
The mottled dragon closely misses you. The bat hits you but does no damage.
The mottled dragon breathes sticky fire at you.
The sticky flame hits you!
You are covered in liquid flames!
You are covered in liquid flames!
You die...
Xom chuckles heartily!

....##..#.#.#.#.#.#..
..........#.#)#.#.#.#.
.........#.#.#.#.#.#.r
.$........#.#.#.#.#.#.
........#.#.#.#.#.#..
................###..
##.....†...........
#...............###
#.@.............#..
#§.................
#.§............. #
#§Db...........
#.[............
#.............
#......(.....
######...... #.....


You could see a mottled dragon shaped shifter and a bat.

Vanquished Creatures
  2 adders (D:3)
  An ooze (D:2)
  A worm (D:2)
  3 giant geckos
  7 orcs (D:3)
  2 giant cockroaches
  3 goblins
  3 hobgoblins
  10 jackals
  3 kobolds
  A quokka (D:3)
  4 bats
  A giant newt (D:2)
  5 rats
46 creatures vanquished.

Notes
Turn   | Place    | Note
--------------------------------------------------------------
     0 | D:1      | Rattbag the Troll Chaos Knight began the quest for the Orb.
     0 | D:1      | Reached XP level 1. HP: 22/22 MP: 0/0
    67 | D:1      | XOM: harmless Necr miscast
    98 | D:1      | XOM: cast spell 'Dragon Form'
   169 | D:1      | Reached XP level 2. HP: 29/29 MP: 1/1
   256 | D:2      | Found a stormy altar of Qazlal.
   311 | D:2      | Reached XP level 3. HP: 37/37 MP: 2/2
   383 | D:2      | Found a blossoming altar of Fedhas.
   450 | D:3      | Reached skill level 1 in Unarmed Combat
   509 | D:3      | Found a bloodstained altar of Trog.
   509 | D:3      | Found a glowing golden altar of the Shining One.
   509 | D:3      | Found a shadowy altar of Dithmenos.
   601 | D:3      | XOM: divination: detect items
   681 | D:3      | Reached XP level 4. HP: 42/45 MP: 3/3
   744 | D:3      | Noticed a mottled dragon
   744 | D:3      | a worm changed into a mottled dragon
   749 | D:3      | HP: 1/45 [mottled dragon (shapeshifter) (7)]
   751 | D:3      | XOM: smoke on damage
   753 | D:3      | Incinerated by a mottled dragon

Skill      XL: |  1  2  3 |
---------------+----------+-----
Dodging        | 2 |  2.7
Fighting       | 3 |  3.1
Unarmed Combat | 1 |  1.1
Maces & Flails | 3 |  3.1
Stealth        | |  0.1

Action                   |  1- 3 |  4- 6 || total
-------------------------+-------+-------++-------
Melee: Mace              |   127 |    46 ||   173
       Unarmed           |    15 |       ||    15
       Tailslap          |     2 |       ||     2
  Use: Scroll            |       |     1 ||     1
       Potion            |       |     1 ||     1
 Stab: Petrifying        |     1 |       ||     1
  Eat: Bread ration      |     1 |       ||     1
Armor: Robe              |    90 |    40 ||   130
       Skin              |    11 |       ||    11
Dodge: Dodged            |    91 |    44 ||   135
